 Dungeon Crawl Stone Soup version 0.13.0-18-g7b03ea5 (webtiles) character file.

235 MirrMurr the Bolt Thrower (level 5, 0/30 HPs)
             Began as a Kobold Hunter on Oct 23, 2013.
             Slain by Ijyb
             ... wielding a +1,+1 trident
              (6 damage)
             ... on Level 3 of the Dungeon.
             The game lasted 00:11:38 (2625 turns).

MirrMurr the Bolt Thrower (Kobold Hunter)           Turns: 2625, Time: 00:11:38

HP   0/30        AC  3     Str 11      XL: 5   Next: 25%
MP   4/4         EV 14     Int  9      God:
Gold 115         SH  0     Dex 17      Spells:  0 memorised,  4 levels left

Res.Fire  : + . .   See Invis. : .   (no weapon)
Res.Cold  : + . .   Warding    : .   d - +0 leather armour
Life Prot.: . . .   Conserve   : .   (no shield)
Res.Poison: +       Res.Corr.  : .   (no helmet)
Res.Elec. : +       Clarity    : .   (no cloak)
Sust.Abil.: . .     Spirit.Shd : .   (no gloves)
Res.Mut.  : .       Stasis     : .   (no boots)
Res.Rott. : .       Flight     : .   (no amulet)
Saprovore : + + .                    (no ring)
                                     (no ring)

@: slightly resistant to hostile enchantments, fairly stealthy
A: disease resistance, carnivore 3, saprovore 2
a: no special abilities


You were on level 3 of the Dungeon.
You were completely stuffed.

You visited 1 branch of the dungeon, and saw 3 of its levels.

You collected 95 gold pieces.

Inventory:

Hand weapons
 b - a +1,+1 crossbow
 k - a +0,+0 short sword
Missiles
 j - 2 silver darts (quivered)
 l - 18 stones
 s - 8 curare-tipped needles
 z - a dart of flame
Armour
 d - a +0 leather armour (worn)
 w - a +3 chain mail of cold resistance
Magical devices
 C - a wand of magic darts (18)
Comestibles
 f - a meat ration
 h - a chunk of giant cockroach flesh
 t - 4 chunks of orc flesh
 v - 4 chunks of orc flesh
 x - a chunk of giant gecko flesh
 D - a chunk of goblin flesh
Scrolls
 e - a scroll of remove curse {unknown}
 g - a scroll of teleportation {unknown}
 m - a scroll of identify {unknown}
 p - a scroll of enchant weapon II {unknown}
 q - a scroll of magic mapping {unknown}
 y - a scroll of enchant weapon I {unknown}
Jewellery
 r - an uncursed ring of wizardry {unknown}
 A - a cursed ring of protection from cold {unknown}
 B - an uncursed ring of fire {unknown}
Potions
 i - 2 potions of resistance
 n - a potion of curing
 o - a potion of agility {unknown}
 u - a potion of brilliance {unknown}


   Skills:
 - Level 1.1 Fighting
 + Level 2.3 Short Blades
 * Level 5.9 Crossbows
 + Level 3.9 Dodging
 + Level 2.5 Stealth


You had 4 spell levels left.
You didn't know any spells.

Dungeon Overview and Level Annotations

Branches:
Dungeon (3/27)

Altars:

Annotations:
D:3 Ijyb


Innate Abilities, Weirdness & Mutations

You recuperate from illness quickly.
You are small and have problems with some larger weapons.
You are carnivorous and can eat meat at any time.
You can eat rotten meat.


Message History

You closely miss Ijyb.
Ijyb is severely wounded.
You hit Ijyb but do no damage.
Ijyb is severely wounded.
Ijyb hits you with a trident.
* * * LOW HITPOINT WARNING * * *
You hit Ijyb but do no damage.
Ijyb is severely wounded.
Ijyb closely misses you.
You hit Ijyb but do no damage.
Ijyb is severely wounded.
Ijyb closely misses you.
You closely miss Ijyb.
Ijyb is severely wounded.
Ijyb closely misses you.
You hit Ijyb but do no damage.
Ijyb is severely wounded.
Ijyb grins evilly.
Ijyb hits you with a trident.
You die...

..####
#...#
..#
##.##
..#
#.#
###
#.# #
#.# #
#.# #
#.#
###
#.#
..#
#@#
..#
#g#
..#
#.#
###
(.#
..#
...#
##.#
#)#
#.#


You could see Ijyb.

Vanquished Creatures
  Terence (D:3)
  2 adders (D:2)
  3 worms (D:2)
  A giant gecko (D:3)
  2 oozes
  5 orcs (D:3)
  A ball python (D:2)
  6 giant cockroaches
  7 hobgoblins
  4 jackals (D:2)
  5 kobolds
  A quokka (D:2)
  5 bats
  5 giant newts
  8 goblins
  5 rats
61 creatures vanquished.

Notes
Turn   | Place    | Note
--------------------------------------------------------------
     0 | D:1      | MirrMurr, the Kobold Hunter, began the quest for the Orb.
     0 | D:1      | Reached XP level 1. HP: 12/12 MP: 0/0
   282 | D:1      | Reached XP level 2. HP: 17/17 MP: 1/1
   329 | D:1      | Reached skill level 5 in Crossbows
   528 | D:1      | Reached skill level 1 in Short Blades
  1301 | D:1      | Reached XP level 3. HP: 21/21 MP: 2/2
  1485 | D:2      | Reached XP level 4. HP: 26/26 MP: 3/3
  2384 | D:3      | Noticed Terence
  2436 | D:3      | Killed Terence
  2436 | D:3      | Reached XP level 5. HP: 21/30 MP: 4/4
  2596 | D:3      | Noticed Ijyb
  2616 | D:3      | HP: 1/30 [Ijyb/trident (2)]
  2625 | D:3      | Slain by Ijyb

Action                   |  1- 3 |  4- 6 || total
-------------------------+-------+-------++-------
Melee: Short sword       |    27 |       ||    27
       Dagger            |    14 |    99 ||   113
       Unarmed           |       |    12 ||    12
 Fire: Crossbow          |    15 |    30 ||    45
Throw: Dagger            |       |     1 ||     1
Evoke: Wand              |       |     1 ||     1
  Use: Scroll            |       |     2 ||     2
       Potion            |       |     2 ||     2
 Stab: Sleeping          |     3 |     3 ||     6
